 Dungeon Crawl Stone Soup version 0.27.1 (webtiles) character file.

Game seed: 8851966216249420390

36 BOMJPIETVODKU the Digger (level 3, -2/27 HPs)
             Began as a Draconian Earth Elementalist on Aug 26, 2021.
             Slain by Crazy Yiuf (9 damage)
             ... on level 2 of the Dungeon.
             The game lasted 00:05:01 (1902 turns).

BOMJPIETVODKU the Digger (DrEE)                     Turns: 1902, Time: 00:05:02

Health: -2/27      AC:  6    Str: 10    XL:     3   Next: 19%
Magic:  7/7        EV: 12    Int: 22    God:
Gold:   63         SH:  0    Dex: 21    Spells: 6/7 levels left

rFire    . . .     SeeInvis .   d - +0 dagger
rCold    . . .     Faith    .   (no shield)
rNeg     . . .     Spirit   .   (armour unavailable)
rPois    .         Reflect  .   (helmet restricted)
rElec    .         Harm     .   (no cloak)
rCorr    .         Rampage  .   (no gloves)
Will     .....                  h - +0 pair of boots
Stlth    ++........             (no amulet)
HPRegen  0.09/turn              g - ring "Veukud" {Drain Int+6 Dex+10}
MPRegen  0.10/turn              (no ring)

@: no status effects
A: AC +5, unfitting armour, cold-blooded
a: no special abilities


You were on level 2 of the Dungeon.
You visited 1 branch of the dungeon, and saw 2 of its levels.

You collected 63 gold pieces.

Inventory:

Hand Weapons
 d - a +0 dagger (weapon)
Missiles
 b - 91 stones
 n - 11 poisoned darts
Armour
 h - a +0 pair of boots (worn)
Jewellery
 g - the ring "Veukud" (left hand) {Drain Int+6 Dex+10}
   (You found it on level 1 of the Dungeon)

   [ring of intelligence]

   Int:       It affects your intelligence (+6).
   Dex:       It affects your dexterity (+10).
   Drain:     It drains your maximum health when unequipped.
 j - a ring of positive energy
Scrolls
 c - a scroll of identify {unknown}
Potions
 a - a potion of flight {unknown}
 e - a potion of mutation {unknown}
 f - a potion of curing {unknown}
 i - a potion of might {unknown}
 k - a potion of cancellation {unknown}
 l - a potion of brilliance {unknown}
 m - a potion of berserk rage {unknown}
 o - a potion of haste {unknown}


   Skills:
 * Level 0.4 Fighting
 - Level 0.6 Short Blades
 - Level 1.7 Dodging
 - Level 1.7 Stealth
 * Level 2.9 Spellcasting
 - Level 1.0 Transmutations
 + Level 3.4 Earth Magic


You had 6 spell levels left.
You knew the following spells:

 Your Spells              Type           Power      Damage    Failure   Level
a - Sandblast             Erth           36%        2d10      3%          1

Your spell library contained the following spells:

 Spells                   Type           Power      Damage    Failure   Level
 Passwall                 Tmut/Erth      10%        N/A       8%          2
 Stone Arrow              Conj/Erth      20%        3d8       19%         3
 Gell's Gravitas          Tloc           1%         N/A       36%         3
 Lesser Beckoning         Tloc           1%         N/A       36%         3
 Teleport Other           Tloc           3%         N/A       36%         3
 Petrify                  Tmut/Erth      12%        N/A       45%         4


Dungeon Overview and Level Annotations

Branches:
Dungeon (2/15)

Altars:

Annotations:
D:2 Crazy Yiuf


Innate Abilities, Weirdness & Mutations

Your plain brown scales are hard. (AC +5)
You cannot fit into any form of body armour.
You are cold-blooded and may be slowed by cold attacks.


Message History

Found a mace.
You see here a +0 mace.
Crazy Yiuf shouts!
You see here a +0 mace.
Found two maces and a runed mace.
You see here a +1 mace of protection.
You open the door.
You see here a +0 mace.
You see here a +0 mace.
You see here a +0 mace.
You see here a +0 mace.
Crazy Yiuf flaps his cloak.
Crazy Yiuf hits you with a +3 quarterstaff of chaos!
Crazy Yiuf screams, "Powder mobile poople!"
Aiming: Sandblast (safe; 3% risk of failure)
Press: ? - help, Q - select action, (/) - cycle Shift-Dir - straight line, f - Crazy Yiuf
Aim: Crazy Yiuf, wielding a +3 quarterstaff of chaos and wearing a +0 cloak (82% to hit)
The blast of sand misses Crazy Yiuf.
Crazy Yiuf says, "Lay!"
Found 13 gold pieces.
Crazy Yiuf yells, "Tosser mobile turtle!"
Crazy Yiuf says, "Whiteboard green mobile!"
Crazy Yiuf grits, "Earwax!
Island forty-two fast."
There is an escape hatch in the ceiling here.
Crazy Yiuf says, "Snurf ladder chair!"
Crazy Yiuf glowers.
A kobold comes into view. It is wielding a +0 club.
Crazy Yiuf says, "Action!
Island hog high."
A gnoll comes into view. It is wielding a +0 halberd.
The kobold shouts!
The gnoll shouts!
You hear a shout! x2
A gnoll comes into view. It is wielding a +0 spear.
The gnoll shouts!
Crazy Yiuf cries, "Scoff aubergine koolooloo!"
Crazy Yiuf hits you with a +3 quarterstaff of chaos.
Crazy Yiuf screams, "Papa forty-two pizzabubble!"
The gnoll hits you with a +0 halberd!
* * * LOW HITPOINT WARNING * * *
There is a stone staircase leading up here.
Crazy Yiuf hits you with a +3 quarterstaff of chaos!
You die...

..# ##.###...# .K#
####...####.# #+#..
#....#.####.# #.#.#
#.##.#......#
#####...#####.##.#..#...##
..............>.....#....#
##.####.###g#...#...#..#.#
........g.#K#...#.#....#)# #$
.....###.@#...#.#.###..#.#
.#####.#.# #.g#.....#........#
.....#.#.###..K.###.###.###.##
#.##.#.#.#....### #.# #.# #.#
#.##.....#.....# #.###.# #.#
#.## #...#.....# #.....# #.##
###..###.........##########
#.#. ##[.....<..##.)......#
#.#. .#.##..##.###....###.#
#.#.


You could see Crazy Yiuf, a gnoll and a kobold.

Vanquished Creatures
  A dart slug (D:1)
  4 ball pythons
  2 endoplasms
  A giant cockroach (D:1)
  3 goblins
  6 hobgoblins
  3 jackals (D:2)
  2 quokkas
  A bat (D:2)
  A frilled lizard (D:2)
  3 kobolds
  3 rats (D:1)
30 creatures vanquished.

Notes
Turn   | Place    | Note
-------+----------+-------------------------------------------
     0 | D:1      | BOMJPIETVODKU the Draconian Earth Elementalist began the
                  | quest for the Orb.
     0 | D:1      | Reached XP level 1. HP: 14/14 MP: 3/3
   638 | D:1      | Reached XP level 2. HP: 12/20 MP: 5/5
  1234 | D:1      | Identified the ring "Veukud" {Drain Int+6 Dex+10}
  1592 | D:2      | Reached XP level 3. HP: 27/27 MP: 5/7
  1833 | D:2      | Found a runed translucent door.
  1834 | D:2      | Noticed Crazy Yiuf
  1902 | D:2      | Slain by Crazy Yiuf

Illustrated notes

Levels and vault maps discovered:
D:1:      minmay_arrival_stone_box, layout_loops_ring, nrook_loot_triangle,
          corexii_hall_statues_l
D:2:      layout_basic, chequers_serial_rivers_room_a, minmay_misc_feat_columns,
          uniq_crazy_yiuf_cottage

Action                   || total
-------------------------++-------
Melee: Dagger            ||    84
       Unarmed           ||     9
       Tailslap          ||    12
 Cast: Sandblast         ||    15
 Stab: Sleeping          ||     6
Armor: Skin              ||    19
Dodge: Dodged            ||    52
